[Event "Titled Tuesday Blitz August 15 Late 2023"]
[White "Vila Dupla, Aurelio"]
[Black "Topalov, Aleksandar"]
[WhiteFideId "2203383"]
[BlackFideId "925659"]
[WhiteElo "2118"]
[BlackElo "2371"]
[Result "0-1"]
[Round "3"]
[TimeControl "180+1"]
[Date "2023.08.15"]
[WhiteClock "0:00:02"]
[BlackClock "0:00:09"]
[Board "172"]

1. Nf3 e6 2. d4 f5 3. c4 Nf6 4. Nc3 Bb4 5. Bd2 O-O 6. a3 Bxc3 7. Bxc3 Ne4 8. Rc1 b6 9. d5 Nxc3 10. Rxc3 Qe7 11. Qd4 d6 12. dxe6 Bxe6 13. Re3 Nc6 14. Qc3 f4 15. Re4 Qd7 16. Qd2 Na5 17. e3 fxe3 18. Qxe3 Rae8 19. Nd2 Bf5 20. Bd3 Bxe4 21. Bxe4 Nxc4 22. Nxc4 d5 23. Nd2 dxe4 24. O-O Qd3 25. Qg5 h6 26. Qe3 Qxe3 27. fxe3 Rxf1+ 28. Kxf1 Kf7 29. Ke2 Kf6 30. Nb3 c5 31. Nd2 Kf5 32. h3 h5 33. Nf1 h4 34. Nd2 Rd8 35. Nc4 Rd3 36. Nd2 b5 37. Nf1 Rb3 38. Nd2 Rxb2 39. Kd1 Ra2 40. Nb1 Ra1 41. Kc2 Rxb1 42. Kxb1 Ke5 43. Kc2 Kd5 44. Kc3 g5 45. Kc2 a5 46. Kc3 a4 47. Kc2 Kc4 48. Kb2 b4 49. axb4 cxb4 50. Ka2 Kd3 51. Kb2 Kxe3 52. Kc2 Kf2 0-1


[Site "https://www.chess.com"]

[Event "Titled Tuesday Blitz August 15 Late 2023"]
[White "Beulen, Marcel"]
[Black "Hartikainen, Jarmo"]
[WhiteFideId "1001450"]
[BlackFideId "503134"]
[WhiteElo "2355"]
[BlackElo "2104"]
[Result "1/2-1/2"]
[Round "3"]
[TimeControl "180+1"]
[Date "2023.08.15"]
[WhiteClock "0:00:45"]
[BlackClock "0:00:04"]
[Board "173"]

1. e4 c5 2. Nf3 Nc6 3. Bb5 e6 4. c3 d5 5. exd5 exd5 6. d4 Bg4 7. h3 Bh5 8. Qa4 Rc8 9. Ne5 Ne7 10. O-O f6 11. Nxc6 Nxc6 12. Re1+ Kf7 13. dxc5 Bxc5 14. Be3 Re8 15. Nd2 Bxe3 16. Rxe3 Rxe3 17. fxe3 Qb6 18. Nf1 a6 19. Bxc6 bxc6 20. Qb3 Rb8 21. Qxb6 Rxb6 22. b3 a5 23. Kf2 a4 24. b4 Bg6 25. Nd2 c5 26. a3 cxb4 27. axb4 Rc6 28. Ra3 Bc2 29. Nf3 Bb3 30. Nd4 Rxc3 31. b5 Rc7 32. Nxb3 axb3 33. Rxb3 Rb7 34. Ke2 Ke6 35. Kd3 Kd6 36. Kd4 g6 37. g4 Re7 38. b6 Rb7 39. Rb5 Kc6 40. Rxd5 Rxb6 41. Rd8 Rb4+ 42. Kd3 h5 43. gxh5 gxh5 44. Rf8 Rh4 45. Rxf6+ Kd7 46. Rf3 Ke6 47. e4 Ke5 48. Rf5+ Ke6 49. Kd4 Rxh3 50. Ra5 Rh1 51. Ra6+ Ke7 52. Ke5 h4 53. Ra7+ Kf8 54. Kf6 Rf1+ 55. Ke6 h3 56. Rh7 Rf3 57. e5 Kg8 58. Rh4 Re3 59. Kf6 Rf3+ 60. Ke7 Kg7 61. e6 Rd3 62. Ke8 Kg6 63. e7 Kg5 64. Rh8 Re3 65. Kf7 Rxe7+ 66. Kxe7 Kg4 67. Ke6 Kg3 68. Ke5 h2 69. Ke4 Kg2 70. Rg8+ Kf1 71. Rh8 Kg2 72. Rg8+ Kf1 73. Rh8 Kg2 1/2-1/2


[Site "https://www.chess.com"]

[Event "Titled Tuesday Blitz August 15 Late 2023"]
[White "Milovic, Aleksandra"]
[Black "Gatterer, Florian"]
[WhiteFideId "933988"]
[BlackFideId "811688"]
[WhiteElo "2096"]
[BlackElo "2351"]
[Result "1/2-1/2"]
[Round "3"]
[TimeControl "180+1"]
[Date "2023.08.15"]
[WhiteClock "0:01:52"]
[BlackClock "0:02:19"]
[Board "174"]

1. d4 Nf6 2. c4 g6 3. Nc3 d5 4. cxd5 Nxd5 5. Bd2 Bg7 6. e4 Nxc3 7. Bxc3 c5 8. d5 O-O 9. Bxg7 Kxg7 10. Nf3 e6 11. Bc4 b5 12. Be2 exd5 13. exd5 Qa5+ 14. Qd2 Qxd2+ 15. Kxd2 c4 16. a4 Bb7 1/2-1/2


[Site "https://www.chess.com"]

[Event "Titled Tuesday Blitz August 15 Late 2023"]
[White "Silvestre, Christian"]
[Black "Sloan, Julia Elizabeth"]
[WhiteFideId "30956269"]
[BlackFideId "2018950"]
[WhiteElo "2348"]
[BlackElo "2073"]
[Result "1-0"]
[Round "3"]
[TimeControl "180+1"]
[Date "2023.08.15"]
[WhiteClock "0:01:41"]
[BlackClock "0:00:31"]
[Board "175"]

1. e4 g6 2. d4 Bg7 3. Nc3 c5 4. Be3 Nc6 5. Nge2 cxd4 6. Nxd4 Nf6 7. f3 d5 8. Nxc6 bxc6 9. exd5 cxd5 10. Bd4 O-O 11. Be2 e6 12. O-O Nd7 13. Bxg7 Kxg7 14. Kh1 Rb8 15. Nb5 Qb6 16. Rb1 Ba6 17. a4 Nc5 18. b3 Rfd8 19. Qd4+ f6 20. Qh4 Bxb5 21. Bxb5 a6 22. Be2 e5 23. f4 e4 24. f5 g5 25. Qg3 Nd7 26. h4 h6 27. Qg4 Ne5 28. Qh5 Qc7 29. Bd1 Qf7 30. Qe2 gxh4 31. Qxa6 Kh8 32. Qe2 Qg7 33. Qf2 Qg5 34. a5 Rg8 35. a6 Ra8 36. Ra1 Ng4 37. Bxg4 Qxg4 38. b4 h3 39. g3 Qxg3 40. Qxg3 Rxg3 41. b5 Rc3 42. b6 Rxc2 43. b7 1-0


[Site "https://www.chess.com"]

[Event "Titled Tuesday Blitz August 15 Late 2023"]
[White "dorpato"]
[Black "Kekic, Armin"]
[BlackFideId "14401274"]
[WhiteElo "2063"]
[BlackElo "2347"]
[Result "0-1"]
[Round "3"]
[TimeControl "180+1"]
[Date "2023.08.15"]
[WhiteClock "0:00:03"]
[BlackClock "0:00:07"]
[Board "176"]

1. e4 c5 2. Nc3 d6 3. g3 e6 4. Bg2 Nf6 5. d3 Be7 6. Be3 O-O 7. f4 a6 8. h3 d5 9. e5 Nfd7 10. Bd2 b5 11. Nf3 Bb7 12. O-O Nc6 13. g4 Qc7 14. Ne2 f6 15. d4 cxd4 16. Nexd4 Nxd4 17. Nxd4 Bc5 18. Be3 fxe5 19. Nxe6 Bxe3+ 20. Kh1 Qd6 21. Nxf8 Rxf8 22. fxe5 Rxf1+ 23. Qxf1 Nxe5 24. Re1 Bb6 25. Qf4 Bc7 26. Qe3 g6 27. Bf3 Kg7 28. Kg2 d4 29. Qf4 Bxf3+ 30. Kf2 Nd3+ 31. cxd3 Qxf4 32. Re7+ Kf6 0-1


[Site "https://www.chess.com"]

[Event "Titled Tuesday Blitz August 15 Late 2023"]
[White "Li, Hui"]
[Black "Maluco_do_Natal_00"]
[WhiteFideId "15400310"]
[WhiteElo "2341"]
[BlackElo "2069"]
[Result "1/2-1/2"]
[Round "3"]
[TimeControl "180+1"]
[Date "2023.08.15"]
[WhiteClock "0:00:04"]
[BlackClock "0:00:02"]
[Board "177"]

1. e4 c5 2. Nf3 Nc6 3. d4 cxd4 4. Nxd4 Nf6 5. Nc3 e5 6. Ndb5 d6 7. Bg5 a6 8. Na3 b5 9. Nd5 Be7 10. Bxf6 Bxf6 11. c3 O-O 12. Nc2 Bg5 13. a4 bxa4 14. Rxa4 a5 15. Bc4 Be6 16. O-O Ne7 17. Nce3 Bxe3 18. Nxe3 Bd7 19. Ra2 Bc6 20. f3 Qb6 21. Qd2 Rfd8 22. Kh1 Qc5 23. Rd1 h5 24. b3 g6 25. Raa1 Kg7 26. Rac1 Rd7 27. Nd5 Bxd5 28. Bxd5 Raa7 29. c4 Nxd5 30. Qxd5 Qxd5 31. cxd5 Rdb7 32. Rd3 Rb6 33. h4 Rab7 34. Rc6 Rxb3 35. Rxb3 Rxb3 36. Rxd6 Rb1+ 37. Kh2 a4 38. Ra6 Ra1 39. Kg3 a3 40. Kf2 a2 41. Kg3 Kf8 42. Kh2 Ke7 43. Kg3 f6 44. Kh2 g5 45. hxg5 fxg5 46. Kg3 Kf7 47. Kh2 g4 48. Ra7+ Kf6 49. Ra6+ Kf7 50. Kg3 gxf3 51. Ra7+ Kf6 52. Ra6+ Ke7 53. Ra7+ Kd6 54. Ra6+ Kc7 55. Kf2 fxg2 56. Kxg2 h4 57. Kh2 h3 58. Ra7+ Kd6 59. Ra6+ Kc5 60. Ra8 Re1 61. Rxa2 Rxe4 62. Rd2 Rd4 63. Re2 Kxd5 64. Kxh3 Rf4 65. Kg3 Rf8 66. Re1 e4 67. Kg2 Kd4 68. Rd1+ Ke3 69. Ra1 Kd3 70. Ra3+ Kd4 71. Ra4+ Kd3 72. Ra3+ Kc2 73. Re3 Rf4 74. Kg3 Rf3+ 75. Rxf3 exf3 76. Kxf3 1/2-1/2


[Site "https://www.chess.com"]

[Event "Titled Tuesday Blitz August 15 Late 2023"]
[White "Joubert, Dantelle"]
[Black "Peatman, Carter"]
[WhiteFideId "14310813"]
[BlackFideId "2096480"]
[WhiteElo "2060"]
[BlackElo "2337"]
[Result "1-0"]
[Round "3"]
[TimeControl "180+1"]
[Date "2023.08.15"]
[WhiteClock "0:00:26"]
[BlackClock "0:00:00"]
[Board "178"]

1. e4 e5 2. Nf3 Nf6 3. Nc3 Bb4 4. Nd5 Nxd5 5. exd5 O-O 6. Bc4 c6 7. O-O d6 8. c3 Ba5 9. d4 Bg4 10. h3 Bxf3 11. Qxf3 Bc7 12. Be3 Kh8 13. Rad1 Qe7 14. dxe5 dxe5 15. b4 Bd6 16. dxc6 Nxc6 17. Rd2 e4 18. Qh5 Rad8 19. Rfd1 f5 20. Bg5 Qe5 21. Bxd8 Rxd8 22. g3 e3 23. Rxd6 Rxd6 24. Rxd6 g6 25. Qd1 exf2+ 26. Kxf2 f4 27. Rd3 Qf5 28. Kg2 Ne5 29. Rd8+ Kg7 30. Be2 Qf6 31. Qd5 f3+ 32. Bxf3 Nxf3 33. Rd7+ Kh6 34. Qxf3 1-0


[Site "https://www.chess.com"]

[Event "Titled Tuesday Blitz August 15 Late 2023"]
[White "Harish, Neeraj"]
[Black "Verony64"]
[WhiteFideId "30958130"]
[WhiteElo "2330"]
[BlackElo "2047"]
[Result "1/2-1/2"]
[Round "3"]
[TimeControl "180+1"]
[Date "2023.08.15"]
[WhiteClock "0:00:05"]
[BlackClock "0:00:22"]
[Board "179"]

1. e4 e5 2. Nf3 d6 3. d4 Nd7 4. Nc3 c6 5. g4 Be7 6. Be3 b5 7. a3 Qc7 8. d5 a6 9. g5 Bb7 10. Qd2 c5 11. h4 h6 12. Bh3 O-O-O 13. O-O-O Kb8 14. Ne2 Nb6 15. b3 Bf8 16. Bg4 h5 17. Bh3 g6 18. Kb2 Bg7 19. Rc1 Ne7 20. c4 bxc4 21. bxc4 Ka7 22. Ka2 Rb8 23. Qd3 Bc8 24. Bxc8 Rhxc8 25. Rb1 Rb7 26. Bd2 Rcb8 27. Ba5 Nec8 28. Rb3 Qd7 29. Rhb1 Na4 30. Rxb7+ Rxb7 31. Rxb7+ Qxb7 32. Qb3 Nab6 33. Nd2 Qd7 34. Bxb6+ Nxb6 35. Nc3 f5 36. f3 fxe4 37. Ncxe4 Bf8 38. Qc2 Qf7 39. Nf6 Qb7 40. Nde4 Nd7 41. Nxd7 Qxd7 42. Nf6 Qh3 43. Qxg6 Qg2+ 44. Ka1 Qf1+ 45. Kb2 Qe2+ 46. Qc2 Qxf3 47. Nd7 Qf7 48. Nxf8 Qxf8 49. Qh7+ Kb6 50. Qd7 Qf2+ 51. Kb3 Qf3+ 52. Kc2 Qe2+ 53. Kc3 Qe3+ 54. Kb2 Qd2+ 55. Kb3 Qd3+ 56. Kb2 Qd2+ 57. Kb3 Qd3+ 58. Kb2 Qd4+ 59. Kb3 Qd3+ 1/2-1/2


[Site "https://www.chess.com"]

[Event "Titled Tuesday Blitz August 15 Late 2023"]
[White "Danishcrown"]
[Black "arturdailima"]
[WhiteElo "2041"]
[BlackElo "2326"]
[Result "1-0"]
[Round "3"]
[TimeControl "180+1"]
[Date "2023.08.15"]
[WhiteClock "0:00:19"]
[BlackClock "0:01:21"]
[Board "180"]

1. d4 Nf6 2. Bf4 c5 3. e3 Nd5 4. Bg3 Qb6 5. b3 d6 6. Ne2 g6 7. c4 Nf6 8. Nbc3 Bg7 9. Rc1 O-O 10. Nf4 Nc6 11. dxc5 dxc5 12. Nfd5 Nxd5 13. Nxd5 Qa5+ 14. Qd2 Qxd2+ 15. Kxd2 Rd8 16. Ke1 a6 17. Bc7 Re8 18. Bb6 Rf8 19. Bxc5 Be6 20. Nxe7+ Nxe7 21. Bxe7 Rfe8 22. Ba3 b5 23. cxb5 axb5 24. Bxb5 Reb8 25. Ba4 Rd8 26. Ke2 Bc8 27. Rhd1 Ba6+ 28. Ke1 Rdc8 29. Rxc8+ Rxc8 30. Bb4 Rc2 31. Rd8+ Bf8 32. Bxf8 f5 33. Bb4+ Kf7 34. Rd2 Rc1+ 35. Rd1 Rc2 36. Rd7+ Kg8 37. Ra7 Re2+ 38. Kd1 Bd3 39. Bc6 Rxf2 40. Bd5+ Kh8 41. Bc3# 1-0


[Site "https://www.chess.com"]

[Event "Titled Tuesday Blitz August 15 Late 2023"]
[White "Carrasco Miranda, Andres"]
[Black "Bongo Akanga Ndjila, Barthelemy"]
[WhiteFideId "3405990"]
[BlackFideId "10609431"]
[WhiteElo "2324"]
[BlackElo "2034"]
[Result "1-0"]
[Round "3"]
[TimeControl "180+1"]
[Date "2023.08.15"]
[WhiteClock "0:01:09"]
[BlackClock "0:00:05"]
[Board "181"]

1. d4 d5 2. c4 e6 3. Nf3 Nf6 4. g3 dxc4 5. Bg2 c5 6. O-O Nc6 7. dxc5 Qxd1 8. Rxd1 Bxc5 9. Nbd2 c3 10. bxc3 O-O 11. Nb3 Bb6 12. c4 Na5 13. Ba3 Re8 14. c5 Bc7 15. Nfd4 Nc4 16. Nb5 Be5 17. Rab1 Nxa3 18. Nxa3 Bd7 19. Nc4 Bc7 20. Bxb7 Rab8 21. c6 Bc8 22. Nc5 Nd5 23. Na6 Bxb7 24. Rxb7 Rxb7 25. cxb7 Bb8 26. Na5 Nc3 27. Rd7 Nxe2+ 28. Kf1 Nc3 29. Nxb8 Rxb8 30. Rc7 Nb5 31. Rc8+ 1-0


[Site "https://www.chess.com"]

[Event "Titled Tuesday Blitz August 15 Late 2023"]
[White "Firouzja, Alireza"]
[Black "Keymer, Vincent"]
[WhiteFideId "12573981"]
[BlackFideId "12940690"]
[WhiteElo "3124"]
[BlackElo "2942"]
[Result "1-0"]
[Round "4"]
[TimeControl "180+1"]
[Date "2023.08.15"]
[WhiteClock "0:00:57"]
[BlackClock "0:00:00"]
[Board "1"]

1. e4 c6 2. Nc3 d5 3. Qf3 e5 4. exd5 Nf6 5. Bc4 e4 6. Qg3 cxd5 7. Bb5+ Bd7 8. Nge2 Nc6 9. d3 Nb4 10. O-O Nxc2 11. Rb1 Be7 12. dxe4 d4 13. Bd3 Nb4 14. Nxd4 O-O 15. Be2 Bc5 16. Bh6 Ng4 17. Bxg7 Kxg7 18. Bxg4 Bxd4 19. Bxd7+ Kh8 20. Bf5 Rg8 21. Qh3 Rg7 22. Rbd1 Qb6 23. a3 Nc6 24. b4 Rag8 25. Kh1 a6 26. Nd5 Qd8 27. f4 Qe8 28. g4 f6 29. a4 b5 30. axb5 axb5 31. Rxd4 Nxd4 32. Nxf6 Qe7 33. Nxg8 Rxg8 34. Qc3 Qf7 35. Qxd4+ 1-0


[Site "https://www.chess.com"]

[Event "Titled Tuesday Blitz August 15 Late 2023"]
[White "Zhigalko, Sergei"]
[Black "Vachier-Lagrave, Maxime"]
[WhiteFideId "13502956"]
[BlackFideId "623539"]
[WhiteElo "2937"]
[BlackElo "3123"]
[Result "0-1"]
[Round "4"]
[TimeControl "180+1"]
[Date "2023.08.15"]
[WhiteClock "0:00:00"]
[BlackClock "0:00:17"]
[Board "2"]

1. e4 c6 2. d4 d5 3. e5 Bf5 4. Nf3 e6 5. Be2 Ne7 6. O-O Nd7 7. Nbd2 h6 8. a4 g5 9. a5 Bg7 10. Nb3 Qc7 11. Bd2 f6 12. exf6 Bxf6 13. Bb4 Ng6 14. Bd3 g4 15. Bxf5 exf5 16. Ne1 Be7 17. Bxe7 Kxe7 18. Nd3 Kf6 19. Qd2 Rae8 20. Rae1 h5 21. f4 Re4 22. Ne5 b6 23. Qf2 Rxf4 24. Nxd7+ Qxd7 25. Qd2 Qd6 26. Nc1 Rxf1+ 27. Rxf1 Rf8 28. Ne2 Kg7 29. Ng3 f4 30. Nxh5+ Kh7 31. axb6 axb6 32. g3 f3 33. Qg5 Qe6 34. Nf4 Qe3+ 35. Kh1 Rxf4 36. gxf4 Qe2 37. Rg1 f2 38. Qxg4 Qxg4 39. Rxg4 f1=Q+ 40. Rg1 Qf3+ 41. Rg2 Nxf4 0-1


[Site "https://www.chess.com"]

[Event "Titled Tuesday Blitz August 15 Late 2023"]
[White "Fedoseev, Vladimir"]
[Black "Eljanov, Pavel"]
[WhiteFideId "24130737"]
[BlackFideId "14102951"]
[WhiteElo "3121"]
[BlackElo "2909"]
[Result "1/2-1/2"]
[Round "4"]
[TimeControl "180+1"]
[Date "2023.08.15"]
[WhiteClock "0:00:09"]
[BlackClock "0:00:11"]
[Board "3"]

1. b3 d5 2. Bb2 Bf5 3. e3 e6 4. Be2 Nf6 5. h4 h6 6. g4 Be4 7. f3 Bg6 8. f4 h5 9. g5 Ne4 10. Nc3 Ng3 11. Rh3 Nxe2 12. Ncxe2 c5 13. Nf3 Nc6 14. d3 Qc7 15. Qd2 O-O-O 16. O-O-O c4 17. Kb1 Bb4 18. Bc3 Qa5 19. Ne5 Bxc3 20. Qxc3 Qxc3 21. Nxc3 Nxe5 22. fxe5 cxd3 23. cxd3 d4 24. Nb5 Rd5 25. Nxd4 Rhd8 26. Kb2 Rxe5 27. Rf3 Red5 28. Kc3 Kb8 29. Rf2 e5 30. Nf5 e4 31. Ne7 Rxd3+ 32. Rxd3 Rxd3+ 33. Kc4 Rxe3 34. Nxg6 fxg6 35. Rf8+ Kc7 36. Rf7+ Kd6 37. Kd4 Rh3 38. Rxg7 Rxh4 39. Rxg6+ Ke7 40. Rg7+ Ke6 41. Rxb7 Rg4 42. Rxa7 h4 43. Rh7 Kf5 44. a4 Kxg5 45. a5 e3+ 46. Kxe3 Rg3+ 47. Kd4 Rxb3 48. Kc5 Kg4 49. a6 Ra3 50. a7 h3 51. Kb6 Kg3 52. Rh5 Rxa7 53. Kxa7 h2 54. Kb6 Kg2 55. Rxh2+ Kxh2 1/2-1/2


[Site "https://www.chess.com"]

[Event "Titled Tuesday Blitz August 15 Late 2023"]
[White "Holt, Conrad"]
[Black "Bortnyk, Olexandr"]
[WhiteFideId "2034387"]
[BlackFideId "14120828"]
[WhiteElo "2878"]
[BlackElo "3090"]
[Result "1-0"]
[Round "4"]
[TimeControl "180+1"]
[Date "2023.08.15"]
[WhiteClock "0:01:36"]
[BlackClock "0:00:01"]
[Board "4"]

1. d4 Nf6 2. c4 d6 3. Nf3 g6 4. Nc3 Bg7 5. e4 O-O 6. h3 Nbd7 7. Bd3 e5 8. O-O Qe7 9. Re1 c6 10. Bg5 h6 11. Be3 Nh5 12. Qd2 Kh7 13. Rad1 b6 14. d5 c5 15. Ne2 f5 16. exf5 e4 17. fxg6+ Kg8 18. Nf4 exd3 19. Nxh5 Rxf3 20. Bxh6 Be5 21. gxf3 Qh4 22. Qg5 Qxg5+ 23. Bxg5 Nf8 24. f4 Bd4 25. Re8 Bg4 26. Rxa8 Bxd1 27. Bh6 Bxh5 28. Rxf8# 1-0


[Site "https://www.chess.com"]

[Event "Titled Tuesday Blitz August 15 Late 2023"]
[White "Cordova, Emilio"]
[Black "Aronian, Levon"]
[WhiteFideId "3801497"]
[BlackFideId "13300474"]
[WhiteElo "2877"]
[BlackElo "3078"]
[Result "0-1"]
[Round "4"]
[TimeControl "180+1"]
[Date "2023.08.15"]
[WhiteClock "0:00:03"]
[BlackClock "0:01:41"]
[Board "5"]

1. d4 e6 2. Nf3 c5 3. g3 b6 4. Bg2 Bb7 5. O-O Nf6 6. c4 cxd4 7. Qxd4 Nc6 8. Qf4 Ne7 9. Rd1 Ng6 10. Qd2 Rc8 11. b3 Ne4 12. Qe1 Bc5 13. e3 Qf6 14. Nd4 Ne5 15. f4 Ng4 16. Nc3 Qg6 17. b4 Bxb4 18. Nxe4 Bxe1 19. Nd6+ Ke7 20. Nxc8+ Rxc8 21. Ba3+ Ke8 22. Bxb7 Qh5 23. h4 Bf2+ 24. Kg2 Nxe3+ 25. Kxf2 Nxd1+ 26. Kg2 Rxc4 27. Bf3 Qa5 0-1


[Site "https://www.chess.com"]

[Event "Titled Tuesday Blitz August 15 Late 2023"]
[White "Duda, Jan-Krzysztof"]
[Black "Lysyj, Igor"]
[WhiteFideId "1170546"]
[BlackFideId "4150120"]
[WhiteElo "3053"]
[BlackElo "2873"]
[Result "1-0"]
[Round "4"]
[TimeControl "180+1"]
[Date "2023.08.15"]
[WhiteClock "0:00:05"]
[BlackClock "0:00:02"]
[Board "6"]

1. Nf3 Nf6 2. g3 d5 3. Bg2 e6 4. b3 Be7 5. Bb2 O-O 6. c4 c5 7. e3 b6 8. O-O Bb7 9. Qe2 Nc6 10. Rd1 Rc8 11. Na3 Qc7 12. Rac1 Rfd8 13. cxd5 Nxd5 14. Nc4 Qb8 15. a3 Bf6 16. e4 Bxb2 17. exd5 Bxc1 18. dxc6 Bxc6 19. Rxc1 Bd5 20. Rc3 b5 21. Ne3 Ba8 22. Ng5 h6 23. Bxa8 Qxa8 24. Nf3 Qb7 25. a4 a6 26. h4 Qe4 27. Kg2 bxa4 28. Rc4 Rd4 29. d3 Qb7 30. bxa4 Rxc4 31. Nxc4 Rd8 32. a5 Qd5 33. Qe3 Qxd3 34. Qxc5 Qe4 35. Qb6 Rd3 36. Ne3 Qa8 37. Qc5 Rb3 38. Qc4 Rb5 39. Qc3 Qd8 40. Ne5 Qa8+ 41. Kh2 f6 42. Ng6 Kh7 43. Qd3 f5 44. Nf4 Qf3 45. Qc2 Rxa5 46. Nxe6 Re5 47. Nd4 Qe4 48. Qxe4 Rxe4 49. Ndxf5 a5 50. Nd6 Rb4 51. Ndc4 a4 52. Na3 Rb3 53. Nec2 g5 54. h5 g4 55. Kg2 Kg7 56. Kf1 Kf6 57. Ke2 Kg5 58. Kd2 Kxh5 59. Nc4 Kg5 60. Nd4 Rb4 61. Kc3 Rb1 62. Ne6+ Kf6 63. Nc5 Rf1 64. Nd2 Re1 65. Nxa4 Kg6 66. Nc5 h5 67. Nd3 Re2 68. Nf4+ Kf5 69. Nxe2 1-0


[Site "https://www.chess.com"]

[Event "Titled Tuesday Blitz August 15 Late 2023"]
[White "Kovalev, Vladislav"]
[Black "Dubov, Daniil"]
[WhiteFideId "13504398"]
[BlackFideId "24126055"]
[WhiteElo "2869"]
[BlackElo "3045"]
[Result "0-1"]
[Round "4"]
[TimeControl "180+1"]
[Date "2023.08.15"]
[WhiteClock "0:00:00"]
[BlackClock "0:01:08"]
[Board "7"]

1. e4 c5 2. Nf3 Nc6 3. d4 cxd4 4. Nxd4 Nf6 5. Nc3 e5 6. Ndb5 d6 7. Bg5 a6 8. Na3 b5 9. Nd5 Be7 10. Bxf6 Bxf6 11. c3 Rb8 12. Nc2 Bg5 13. a4 bxa4 14. Ncb4 Nxb4 15. cxb4 O-O 16. Rxa4 a5 17. b5 Bd7 18. Nc3 d5 19. Nxd5 Bxb5 20. Bxb5 Rxb5 21. Ra2 f5 22. O-O fxe4 23. Nc3 Rb4 24. Qd5+ Kh8 25. Rxa5 e3 26. Qxd8 Bxd8 27. Ra8 Rbf4 28. Ne2 exf2+ 29. Kh1 R4f7 30. g3 Bb6 31. Rxf8+ Rxf8 32. Nc3 Bd4 33. Ne4 Rf3 34. Kg2 Rb3 35. Nxf2 Rxb2 36. Kf3 Rxf2+ 37. Rxf2 Bxf2 38. Kxf2 Kg8 39. Kf3 Kf7 40. Ke4 Ke6 41. Ke3 Kd5 42. Kd3 e4+ 43. Ke3 Ke5 44. h3 g5 45. Ke2 Kd4 0-1


[Site "https://www.chess.com"]

[Event "Titled Tuesday Blitz August 15 Late 2023"]
[White "Bluebaum, Matthias"]
[Black "Lagarde, Maxime"]
[WhiteFideId "24651516"]
[BlackFideId "662399"]
[WhiteElo "3034"]
[BlackElo "2862"]
[Result "1-0"]
[Round "4"]
[TimeControl "180+1"]
[Date "2023.08.15"]
[WhiteClock "0:00:15"]
[BlackClock "0:00:00"]
[Board "8"]

1. d4 Nc6 2. d5 Ne5 3. e4 e6 4. dxe6 fxe6 5. Nc3 Nf6 6. f4 Nf7 7. e5 Ng8 8. Bd3 d5 9. exd6 Bxd6 10. Nf3 Nf6 11. O-O O-O 12. Qe2 Bd7 13. Be3 e5 14. f5 Bc6 15. Bc4 Kh8 16. Rad1 Qe7 17. Be6 Ng4 18. Bc1 Nfh6 19. h3 Bc5+ 20. Kh1 Rxf5 21. hxg4 Rxf3 22. gxf3 Qxe6 23. Ne4 Bb6 24. Bxh6 Qxh6+ 25. Kg2 Rf8 26. Rh1 Qg6 27. Rh5 h6 28. Rxe5 Rf4 29. c4 Kh7 30. c5 Bxc5 31. Rxc5 Bxe4 32. fxe4 Rxg4+ 33. Kh3 Rxe4 34. Qh5 Re3+ 35. Kh2 Qg3+ 36. Kh1 Re1+ 37. Rxe1 Qxe1+ 38. Kg2 Qd2+ 39. Kf1 Qf4+ 40. Ke2 Qe4+ 41. Kd2 Qd4+ 42. Kc2 Qe4+ 43. Kb3 Qd3+ 44. Rc3 Qd1+ 45. Qxd1 1-0


[Site "https://www.chess.com"]

[Event "Titled Tuesday Blitz August 15 Late 2023"]
[White "Sadhwani, Raunak"]
[Black "Remizov, Yaroslav"]
[WhiteFideId "35093487"]
[BlackFideId "34134015"]
[WhiteElo "3017"]
[BlackElo "2848"]
[Result "1-0"]
[Round "4"]
[TimeControl "180+1"]
[Date "2023.08.15"]
[WhiteClock "0:01:04"]
[BlackClock "0:00:06"]
[Board "9"]

1. d4 Nf6 2. Nc3 d5 3. Bf4 c6 4. e3 Qb6 5. Rb1 Bf5 6. Bd3 Bxd3 7. cxd3 e6 8. Nf3 Nbd7 9. O-O Be7 10. h3 O-O 11. a3 a5 12. Qc2 Rfc8 13. Na4 Qd8 14. Nc5 b6 15. Nxd7 Nxd7 16. Rfc1 h6 17. Qa4 b5 18. Qc2 c5 19. dxc5 Nxc5 20. d4 Ne4 21. Qe2 b4 22. a4 Qe8 23. Qd1 Bd6 24. Bxd6 Nxd6 25. Ne5 Nc4 26. Nd3 Rc6 27. b3 Nd6 28. Rxc6 Qxc6 29. Rc1 Qe8 30. Rc7 Ne4 31. Qc2 Nc3 32. Ne5 f5 33. Qd3 Rc8 34. Ra7 Ne4 35. Qd1 Qd8 36. f3 Qg5 37. Qe1 Ng3 38. f4 Qh4 39. Nf3 Ne2+ 40. Qxe2 Qg3 41. Qe1 Qxe1+ 42. Nxe1 Rc3 43. Kf2 Rxb3 44. Rxa5 Rc3 45. Rb5 b3 46. a5 Kf7 47. a6 Rc1 48. Rxb3 Ra1 49. Rb7+ Kf6 50. a7 g5 51. Nf3 Ra2+ 52. Kg1 g4 53. Ne5 g3 54. Rf7# 1-0


[Site "https://www.chess.com"]

[Event "Titled Tuesday Blitz August 15 Late 2023"]
[White "Andreikin, Dmitry"]
[Black "Mekhitarian, Krikor Sevag"]
[WhiteFideId "4158814"]
[BlackFideId "2107660"]
[WhiteElo "3016"]
[BlackElo "2814"]
[Result "1-0"]
[Round "4"]
[TimeControl "180+1"]
[Date "2023.08.15"]
[WhiteClock "0:01:49"]
[BlackClock "0:00:01"]
[Board "10"]

1. d4 Nf6 2. Bg5 d5 3. Nd2 c5 4. dxc5 e6 5. e4 Bxc5 6. Qe2 h6 7. Bh4 Be7 8. O-O-O O-O 9. f4 Nxe4 10. Bxe7 Qxe7 11. Nxe4 dxe4 12. Qxe4 Nd7 13. Nf3 Nf6 14. Qe3 b6 15. Ne5 Bb7 16. Bd3 Rad8 17. Rhg1 Qb4 18. a3 Qc5 19. Qxc5 bxc5 20. g4 Rd4 21. g5 hxg5 22. fxg5 Ne4 23. c3 Rdd8 24. g6 fxg6 25. Rxg6 Nf6 26. Rdg1 Nh5 27. R6g5 Bf3 28. Bc4 Rf6 29. Nxf3 1-0


[Site "https://www.chess.com"]

[Event "Titled Tuesday Blitz August 15 Late 2023"]
[White "Deac, Bogdan-Daniel"]
[Black "Stearman, Josiah"]
[WhiteFideId "1226380"]
[BlackFideId "2062496"]
[WhiteElo "2994"]
[BlackElo "2775"]
[Result "1-0"]
[Round "4"]
[TimeControl "180+1"]
[Date "2023.08.15"]
[WhiteClock "0:00:12"]
[BlackClock "0:00:26"]
[Board "11"]

1. b3 e5 2. Bb2 d6 3. e3 Nf6 4. Ne2 Nc6 5. f4 g6 6. g3 Bg7 7. Bg2 O-O 8. O-O e4 9. c4 Bf5 10. Nbc3 Qd7 11. Qb1 Rfe8 12. a3 d5 13. Nxd5 Nxd5 14. Bxg7 Nxe3 15. dxe3 Kxg7 16. Qb2+ f6 17. Rad1 Qe7 18. Nc3 Qc5 19. Nd5 Rf8 20. Rfe1 Rad8 21. Bf1 Ne7 22. b4 Qd6 23. c5 Qxd5 24. Rxd5 Rxd5 25. Qg2 h5 26. h3 g5 27. g4 hxg4 28. hxg4 Ng6 29. gxf5 Nh4 30. Qxe4 Rd2 31. fxg5 fxg5 32. Re2 Rd1 33. Qe7+ Rf7 34. Qxg5+ Kf8 35. Qxh4 Rxf5 36. Rf2 1-0


[Site "https://www.chess.com"]

[Event "Titled Tuesday Blitz August 15 Late 2023"]
[White "Lobanov, Sergei"]
[Black "Xiong, Jeffery"]
[WhiteFideId "24183750"]
[BlackFideId "2047640"]
[WhiteElo "2759"]
[BlackElo "2978"]
[Result "1/2-1/2"]
[Round "4"]
[TimeControl "180+1"]
[Date "2023.08.15"]
[WhiteClock "0:00:09"]
[BlackClock "0:00:11"]
[Board "12"]

1. d4 d5 2. c4 dxc4 3. Nf3 Nf6 4. e3 e6 5. Bxc4 c5 6. O-O Nc6 7. Re1 Be7 8. Bd3 O-O 9. a3 cxd4 10. exd4 b6 11. Nc3 Bb7 12. Bg5 h6 13. Bh4 Rc8 14. Rc1 Na5 15. Ne5 Nc6 16. Nf3 Nh5 17. Bxe7 Nxe7 18. Ne5 Nf4 19. Be4 Bxe4 20. Rxe4 Nfd5 21. Re1 Nf5 22. Qd2 Nxc3 23. bxc3 b5 24. Qd3 Qd5 25. Rb1 a6 26. h3 Rfd8 27. Ra1 Qb3 28. Rec1 Qd5 29. Re1 Qb3 30. Rec1 Nd6 31. a4 bxa4 32. Qxa6 Ra8 33. Qc6 a3 34. c4 a2 35. c5 Nf5 36. Qc7 Rf8 37. Nc6 Qd5 38. Ne7+ Nxe7 39. Qxe7 Qxd4 40. c6 Rfc8 41. Qb7 Qd5 42. Rd1 Qxc6 43. Rd8+ Rxd8 44. Qxc6 Ra7 45. Qc2 Rda8 46. h4 h5 47. g3 Ra4 48. Kg2 g6 49. Qb3 Kg7 50. Qc3+ Kg8 51. Qc2 Kg7 52. Qc3+ Kg8 53. Qc2 Kg7 54. Qc3+ 1/2-1/2


[Site "https://www.chess.com"]